 Dungeon Crawl Stone Soup version 0.19-a0-1513-gf6d23ed (webtiles) character file.

9620 Amnesiac the Slicer (level 11, -15/55 HPs)
             Began as a Spriggan Chaos Knight on Sept 12, 2016.
             Killed from afar by Frances (25 damage)
             ... with a shard of ice
             ... on level 12 of the Dungeon.
             The game lasted 00:17:05 (8066 turns).

Amnesiac the Slicer (Spriggan Chaos Knight)         Turns: 8066, Time: 00:17:05

Health: -15/55     AC: 20    Str: 10    XL:     11   Next: 25%
Magic:  36/36      EV:  2    Int: 19    God:    Xom [.*....]
Gold:   631        SH:  0    Dex: 21    Spells: 4 memorised, 20 levels left

rFire  + + .     SeeInvis +     a - +0 short sword (chaos)
rCold  + + .     Gourm    .     e - +0 gold dragon armour
rNeg   . . .     Faith    .     (shield restricted)
rPois  +         Spirit   .     J - +3 hat of Pondering {ponderous, MR+ MP+10 Int+5}
rElec  +         Dismiss  .     S - +0 cloak
rCorr  .         Reflect  .     (gloves unavailable)
MR     ++...     Harm     .     (boots unavailable)
Stlth  .......... Clarity  +    i - amulet of regeneration
                                (no ring)
                                y - +2 ring of protection

@: repel missiles, very quick
A: unfitting armour, icy blue scales 1, see invisible, agile 1, clarity, cold
resistance 1, fire resistance 1, herbivore 3, speed 3, electricity resistance,
slow metabolism 2, strong 1
a: Renounce Religion


You were on level 12 of the Dungeon.
You worshipped Xom.
You were a plaything of Xom.
You were not hungry.

You visited 1 branch of the dungeon, and saw 12 of its levels.

You collected 666 gold pieces.
You spent 35 gold pieces at shops.

Inventory:

Hand Weapons
 a - a +0 short sword of chaos (weapon)
 C - a +1 rapier of chaos
 O - a +0 dagger of pain
Armour
 b - a +2 robe
 e - a +0 gold dragon armour (worn)
 J - the +3 hat of Pondering (worn) {ponderous, MR+ MP+10 Int+5}
   (You took it off Gastronok on level 8 of the Dungeon)

   It affects your intelligence (+5).
   It affects your resistance to hostile enchantments.
   It affects your magic capacity (+10).
 S - a +0 cloak (worn)
Jewellery
 i - an amulet of regeneration (around neck)
 y - a +2 ring of protection (left hand)
 D - an uncursed ring of protection from cold {unknown}
Wands
 n - a wand of teleportation (5/9)
 r - a wand of iceblast (10/15)
 z - a wand of paralysis (13/24)
 G - a wand of lightning (7/15)
 L - a wand of paralysis (9/24)
 R - a wand of flame (16/48)
 U - a wand of paralysis (14/24)
 Y - a wand of acid (8/15)
Scrolls
 d - 8 scrolls of remove curse
 j - 8 scrolls of identify
 k - a scroll of teleportation
 p - a scroll of blinking
 v - 2 scrolls of amnesia
 x - a scroll of enchant armour
 B - 2 scrolls of recharging {unknown}
 E - 3 scrolls of fog {unknown}
 K - a scroll of brand weapon {unknown}
 M - a scroll of enchant weapon {unknown}
 N - a scroll of fear {unknown}
 T - 2 scrolls of holy word {unknown}
 V - a scroll of summoning {unknown}
Potions
 f - 8 potions of curing
 g - a potion of magic {unknown}
 h - a potion of degeneration {unknown}
 l - 3 potions of flight {unknown}
 q - 5 potions of mutation
 t - 2 potions of might {unknown}
 u - a potion of berserk rage {unknown}
 A - 2 potions of heal wounds {unknown}
 F - a potion of agility {unknown}
 I - 2 potions of brilliance {unknown}
 Z - a potion of haste {unknown}
Books
 m - a book of Minor Magic

   Spells                             Type                      Level
   a - Magic Dart                     Conjuration                  1
   b - Blink                          Translocation                2
   c - Call Imp                       Summoning                    2
   d - Repel Missiles                 Charms/Air                   2
   e - Slow                           Hexes                        2
   f - Conjure Flame                  Conjuration/Fire             3
   g - Mephitic Cloud                 Conjuration/Poison/Air       3
 w - a book of Callings

   Spells                             Type                      Level
   a - Summon Small Mammal            Summoning                    1
   b - Call Imp                       Summoning                    2
   c - Call Canine Familiar           Summoning                    3
   d - Summon Guardian Golem          Hexes/Summoning              3
   e - Summon Lightning Spire         Summoning/Air                4
   f - Summon Ice Beast               Ice/Summoning                4
 H - a book of Dreams

   Spells                             Type                      Level
   a - Ensorcelled Hibernation        Hexes/Ice                    2
   b - Silence                        Hexes/Air                    5
   c - Darkness                       Hexes                        6
   d - Shadow Creatures               Summoning                    6
 Q - a Grand Grimoire

   Spells                             Type                      Level
   a - Monstrous Menagerie            Summoning                    7
   b - Summon Greater Demon           Summoning                    7
   c - Malign Gateway                 Summoning/Translocation      7
   d - Summon Horrible Things         Summoning                    8
Miscellaneous
 X - a lamp of fire
Comestibles
 c - 11 bread rations
 P - 5 fruits
 W - a slice of pizza


   Skills:
 - Level 5.0 Fighting
 - Level 12.0 Short Blades
 + Level 0.2 Armour
 - Level 10.9 Dodging
 - Level 9.1 Stealth
 - Level 10.0 Spellcasting
 - Level 1.0 Conjurations
 - Level 1.1 Charms
 - Level 1.3 Translocations
 - Level 1.0 Fire Magic
 - Level 1.0 Air Magic
 - Level 1.0 Poison Magic


You had 20 spell levels left.
You knew the following spells:

 Your Spells              Type           Power        Failure   Level  Hunger
a - Repel Missiles        Chrm/Air       ##....       100%        2    None
b - Blink                 Tloc           N/A          100%        2    None
e - Mephitic Cloud        Conj/Pois/Air  ##......     100%        3    None
s - Conjure Flame         Conj/Fire      ##......     100%        3    None


Dungeon Overview and Level Annotations

Branches:
Dungeon (13/15)            Temple (0/1) D:6            Lair (0/6) D:10
    Orc: D:9-12      Vaults: D:13-14

Altars:
Ashenzari
Cheibriados
Dithmenos
Gozag
Hepliaklqana
Makhleb
Qazlal
Sif Muna
Trog
Vehumet
Xom
Zin
The Shining One

Shops:
D:4 !   D:7 %:*

Annotations:
D:12 Frances


Innate Abilities, Weirdness & Mutations

You are tiny and cannot use many weapons and most armour.
You have supernaturally acute eyesight. (SInv)
You are a herbivore.
You cover ground extremely quickly.
You need consume almost no food.
You are partially covered in icy blue scales. (AC +2)
You are agile. (Dex +2)
You possess an exceptional clarity of mind.
Your flesh is cold resistant. (rC+)
Your flesh is heat resistant. (rF+)
You are resistant to electric shocks. (rElec)
Your muscles are strong. (Str +2)


Message History

Found a wand of flame.
c - 11 bread rations (gained 1) Frances shouts!
Found a glowing helmet.
Xom grants you insight.
You detect items!
Frances screams a word of power!
The iron shot hits you!
Ouch! That really hurt!
You die... "What?
Wait, NO!"
Xom revives you!
Unknown command.
Okay, then.
Frances whispers indecipherable words.
Frances seems to speed up.
Frances chants phrases taken from a devil's mouth.
The shard of ice hits you! You partially resist.
You die...
Xom snickers!

.### #...##.# *,*,,,,,* .#
###.#..# ***+***** .# #.#.##
*,,,# ## .# #...# ***#.##**
#. .# #######'###
*,.....,**#. .## #.........#
#####......,*.., ..#
#.........# #/.@.......,#.**
..#
#.........####.###......,#,*
..###.........##@..#
*,.....,*,*
....'.........'..###
*,,....,,,*
..###.........####
*,∆<...,*** ..# #.........#
*,,,,..,* .## ####'######
*,,,,,[,* ## #....#
********* # ####.#### ####
#....# ...###########'##


You could see Frances.

Vanquished Creatures
  Gastronok (D:8)
  A hydra (D:12)
  An ugly thing (D:12)
  Maurice (D:10)
  Joseph (D:7)
  A wind drake (D:9)
  A two-headed ogre (D:12)
  A shadow (D:12)
  A wraith (D:12)
  3 yaks (D:9)
  A fire bat (D:10)
  2 hippogriffs
  The ghost of Shenda the Slasher, an amateur FoFi (D:3)
  3 ice beasts
  An orc warrior (D:12)
  A black bear (D:8)
  6 sky beasts
  3 wolves (D:10)
  A phantom (D:5)
  4 ogres
  A centaur (D:5)
  A big kobold (D:9)
  4 giant frogs
  A wyvern zombie (D:10)
  4 scorpions
  3 killer bees (D:9)
  4 wights (D:10)
  5 crimson imps
  4 centaur zombies
  An orc priest (D:12)
  5 giant frog skeletons
  2 giant frog zombies
  8 hounds
  Ijyb (D:2)
  7 orc wizards
  7 iguanas
  3 worker ants
  A hound zombie (D:5)
  A hound skeleton (D:6)
  5 gnolls
  12 adders
  A shadow imp (D:10)
  An ooze (shapeshifter) (D:9)
  2 oozes
  2 worms
  A dart slug (D:1)
  3 giant geckos
  22 orcs
  3 bats
  6 giant cockroaches
  5 hobgoblins
  4 jackals (D:6)
  9 kobolds
  4 quokkas
  A ball python skeleton (D:4)
  A giant gecko skeleton (D:7)
  6 giant newts
  4 goblins
  A quokka skeleton (D:5)
  A quokka zombie (D:6)
  7 rats
199 creatures vanquished.

Vanquished Creatures (collateral kills)
  Pikel (D:4)
  A blink frog (D:4)
  Sigmund (D:3)
  A porcupine (D:5)
  2 gnolls (D:4)
6 creatures vanquished.

Vanquished Creatures (others)
  An orc warrior (D:12)
  An adder skeleton (D:4)
  An orc (D:12)
3 creatures vanquished.

Grand Total: 208 creatures vanquished

Notes
Turn   | Place    | Note
-------+----------+-------------------------------------------
     0 | D:1      | Amnesiac the Spriggan Chaos Knight began the quest for the Orb.
     0 | D:1      | Reached XP level 1. HP: 11/11 MP: 2/2
    32 | D:1      | XOM: divination: detect creatures
    65 | D:1      | XOM: harmless Conj miscast
    66 | D:1      | XOM: potion effect (brilliance)
   130 | D:1      | XOM: silly message
   133 | D:1      | Reached XP level 2. HP: 11/16 MP: 3/3
   201 | D:1      | Reached skill level 4 in Short Blades
   365 | D:1      | XOM: divination: detect creatures
   794 | D:2      | Reached XP level 3. HP: 14/19 MP: 4/4
   971 | D:2      | Noticed Ijyb
   989 | D:2      | Killed Ijyb
   989 | D:2      | Reached skill level 5 in Short Blades
  1014 | D:2      | Reached XP level 4. HP: 23/23 MP: 5/5
  1281 | D:2      | Found a hazy altar of Hepliaklqana.
  1286 | D:2      | Found a glowing golden altar of the Shining One.
  1289 | D:2      | Found an opulent altar of Gozag.
  1290 | D:2      | Found a snail-covered altar of Cheibriados.
  1291 | D:2      | Found a glowing silver altar of Zin.
  1291 | D:2      | Found a shattered altar of Ashenzari.
  1291 | D:2      | Found a bloodstained altar of Trog.
  1292 | D:2      | Found a radiant altar of Vehumet.
  1293 | D:2      | Found a deep blue altar of Sif Muna.
  1294 | D:2      | Found a shadowy altar of Dithmenos.
  1295 | D:2      | Found a stormy altar of Qazlal.
  1431 | D:3      | XOM: mild Tmut miscast
  1472 | D:3      | Reached skill level 6 in Short Blades
  1479 | D:3      | Noticed Sigmund
  1490 | D:3      | XOM: summons 3 friendly demons
  1494 | D:3      | Killed Sigmund
  1494 | D:3      | Reached skill level 7 in Short Blades
  1494 | D:3      | Reached XP level 5. HP: 16/27 MP: 6/6
  1762 | D:3      | Reached XP level 6. HP: 28/32 MP: 7/7
  1793 | D:3      | Noticed Shenda's ghost (amateur FoFi)
  1807 | D:3      | XOM: divination: detect items
  1814 | D:3      | XOM: scenery: 2 doors open
  1831 | D:2      | XOM: give mutation
  1831 | D:2      | Gained mutation: You regenerate slowly when monsters are visible. [Xom's mischief]
  2114 | D:3      | XOM: confusion (+ monsters)
  2118 | D:3      | XOM: swap monsters
  2149 | D:3      | Killed Shenda's ghost
  2306 | D:4      | Reached skill level 5 in Stealth
  2352 | D:4      | XOM: medium Ice miscast
  2425 | D:4      | Found Kiokoint's Distillery.
  2437 | D:4      | Reached XP level 7. HP: 35/35 MP: 8/8
  2491 | D:4      | Noticed a blink frog
  2491 | D:4      | a slave changed into a blink frog
  2491 | D:4      | XOM: polymorph slave -> blink frog
  2492 | D:4      | Noticed Pikel
  2504 | D:4      | Killed Pikel
  2540 | D:4      | Killed a blink frog
  2645 | D:4      | XOM: 1-stop teleportation journey
  3025 | D:4      | XOM: medium Erth miscast
  3116 | D:5      | Entered Level 5 of the Dungeon
  3136 | D:5      | Reached skill level 8 in Short Blades
  3307 | D:5      | XOM: enchant monster (bad)
  3325 | D:5      | Reached XP level 8. HP: 17/39 MP: 9/9
  3336 | D:5      | XOM: polymorph ogre -> porcupine
  3382 | D:5      | XOM: summons 8 friendly demons
  3397 | D:5      | Reached skill level 9 in Short Blades
  3796 | D:5      | XOM: god gift: bread ration
  3902 | D:6      | Reached skill level 10 in Short Blades
  4043 | D:6      | XOM: enchant monster (bad)
  4115 | D:6      | XOM: cast spell 'Ice Form'
  4120 | D:6      | XOM: potion effect (berserk rage)
  4121 | D:6      | XOM: harmless Fire miscast
  4181 | D:6      | Reached skill level 11 in Short Blades
  4372 | D:6      | Found a staircase to the Ecumenical Temple.
  4568 | D:6      | Reached XP level 9. HP: 39/43 MP: 10/10
  4573 | D:6      | XOM: give mutation
  4573 | D:6      | Gained mutation: Your muscles are strong. (Str +2) [Xom's grace]
  4724 | D:6      | XOM: cloud trail
  4755 | D:6      | XOM: give mutations
  4755 | D:6      | Gained mutation: Your flesh is heat resistant. (rF+) [Xom's grace]
  4755 | D:6      | Gained mutation: You are resistant to electric shocks. (rElec) [Xom's grace]
  4755 | D:6      | Gained mutation: You possess an exceptional clarity of mind. [Xom's grace]
  4792 | D:7      | Found Eneik's General Store.
  4792 | D:7      | Found Poupigab's Book Emporium.
  4827 | D:7      | XOM: god gift: glowing rapier {god gift}
  4836 | D:7      | Bought a potion of mutation for 35 gold pieces
  4836 | D:7      | Lost mutation: You regenerate slowly when monsters are visible. [potion of mutation]
  4849 | D:7      | Learned a level 2 spell: Repel Missiles
  4852 | D:7      | Learned a level 2 spell: Blink
  4856 | D:7      | Learned a level 3 spell: Mephitic Cloud
  4911 | D:7      | XOM: give mutations
  4911 | D:7      | Gained mutation: Your flesh is cold resistant. (rC+) [Xom's grace]
  4911 | D:7      | Gained mutation: You are agile. (Dex +2) [Xom's grace]
  4911 | D:7      | Gained mutation: You are partially covered in icy blue scales. (AC +2) [Xom's grace]
  4948 | D:7      | XOM: cleaving
  5001 | D:7      | Found Ykenop's Food Emporium.
  5009 | D:7      | Reached skill level 12 in Short Blades
  5047 | D:7      | Noticed Joseph
  5066 | D:7      | Killed Joseph
  5313 | D:8      | Noticed Gastronok
  5336 | D:8      | XOM: scenery: 1 doors open
  5340 | D:8      | Killed Gastronok
  5340 | D:8      | Reached XP level 10. HP: 30/47 MP: 16/24
  5435 | D:8      | Found a glowing golden altar of the Shining One.
  5487 | D:8      | Learned a level 3 spell: Conjure Flame
  5678 | D:8      | XOM: 3-stop teleportation journey
  5729 | D:8      | XOM: summons friendly white imp
  5753 | D:8      | Reached skill level 10 in Spellcasting
  6083 | D:9      | Reached skill level 1 in Conjurations
  6193 | D:9      | XOM: 3-stop teleportation journey
  6224 | D:9      | Reached skill level 1 in Translocations
  6297 | D:9      | XOM: 1-stop teleportation journey
  6372 | D:9      | Reached skill level 1 in Charms
  6402 | D:9      | Reached skill level 1 in Poison Magic
  6485 | D:9      | XOM: confuse monster(s)
  6489 | D:9      | Reached skill level 1 in Fire Magic
  6489 | D:9      | Reached skill level 1 in Air Magic
  6509 | D:9      | XOM: scenery: create altars
  6591 | D:9      | XOM: confuse monster(s)
  6596 | D:9      | Reached skill level 5 in Dodging
  6892 | D:9      | XOM: harmless Fire miscast
  7029 | D:9      | XOM: harmless Air miscast
  7033 | D:10     | Entered Level 10 of the Dungeon
  7110 | D:10     | XOM: summons 5 hostile demons
  7218 | D:10     | Noticed Maurice
  7239 | D:10     | Killed Maurice
  7267 | D:10     | Noticed Grum
  7272 | D:10     | Noticed Grum
  7272 | D:10     | Grum changed into Grum the fire bat
  7272 | D:10     | XOM: polymorph Grum -> Grum the fire bat
  7279 | D:10     | Killed Grum the fire bat
  7283 | D:10     | XOM: cast spell 'Summon Small Mammal'
  7305 | D:10     | Reached skill level 10 in Dodging
  7354 | D:10     | Found a staircase to the Lair.
  7377 | D:10     | XOM: 3-stop teleportation journey
  7481 | D:10     | You fall through a shaft for 3 floors!
  7494 | D:13     | Noticed a hill giant
  7498 | D:13     | Noticed a griffon
  7498 | D:13     | a hill giant changed into a griffon
  7498 | D:13     | XOM: polymorph hill giant -> griffon
  7499 | D:13     | Noticed a centaur warrior
  7508 | D:12     | XOM: smoke on damage
  7521 | D:12     | XOM: divine lightning (protected)
  7643 | D:12     | Reached XP level 11. HP: 49/51 MP: 26/26
  7714 | D:12     | Noticed an eight-headed hydra
  7717 | D:12     | Killed an eight-headed hydra
  7744 | D:12     | Found a burning altar of Makhleb.
  7747 | D:12     | Noticed an Executioner
  7823 | D:12     | Noticed a green ugly thing
  7827 | D:12     | Killed a green ugly thing
  7897 | D:12     | Reached skill level 5 in Fighting
  7931 | D:12     | Noticed Frances
  7936 | D:12     | XOM: noise
  7953 | D:12     | XOM: mild Ice miscast
  8059 | D:12     | XOM: divination: detect items
  8062 | D:12     | Xom revived you
  8066 | D:12     | Killed from afar by Frances

Vault maps used:
D:1:      dpeg_arrival_brainrot
D:2:      minitemple, uniq_iyjb
D:3:      uniq_sigmund
D:4:      first_bread, serial_shops, shop, uniq_pikel
D:5:      st_stairs_10, serial_bayou_pond_d
D:6:      st_stairs_6, grunt_ministairs_5
D:7:      serial_shops, nicolae_shop_crystal, shop, nicolae_shop_waterfront,
          nicolae_underground_beach, uniq_joseph
D:8:      grunt_ogre_cave, tso_altar, uniq_gastronok
D:10:     lair_0_dummy, uniq_maurice, uniq_grum
D:12:     minmay_misc_feat_nine_boxes, makhleb_altar_promises_db, uniq_frances
D:13:     grunt_gozag_statues, uniq_snorg

Skill      XL: |  1  2  3  4  5  6  7  8  9 10 11 |
---------------+----------------------------------+-----
Short Blades   | 4 5 7 8 11 12 | 12.0
Stealth        | 6 9 |  9.1
Spellcasting   | 9 10 | 10.0
Conjurations   | 1 |  1.0
Translocations | 1 |  1.3
Charms         | 1 |  1.1
Poison Magic   | 1 |  1.0
Fire Magic     | 1 |  1.0
Air Magic      | 1 |  1.0
Dodging        | 10 | 10.9
Fighting       | 5 |  5.0
Armour         | |  0.2

Action                   |  1- 3 |  4- 6 |  7- 9 | 10-12 || total
-------------------------+-------+-------+-------+-------++-------
Melee: Short sword       |   108 |   138 |   352 |   500 ||  1098
       Unarmed           |       |       |    18 |       ||    18
 Cast: Mephitic Cloud    |       |       |       |     8 ||     8
       Repel Missiles    |       |       |       |     1 ||     1
  Use: Scroll            |     2 |       |       |    10 ||    12
       Potion            |       |       |     2 |       ||     2
 Stab: Paralysed         |     1 |       |     2 |     7 ||    10
       Sleeping          |     3 |     4 |    35 |    15 ||    57
       Petrified         |       |     1 |     2 |     1 ||     4
       Confused          |       |     8 |     3 |     9 ||    20
       Distracted        |       |     1 |     3 |     3 ||     7
       Petrifying        |       |       |     3 |     2 ||     5
  Eat: Fruit             |       |       |     5 |       ||     5
       Pizza             |       |       |     1 |       ||     1
Armor: Robe              |    12 |     6 |    30 |    53 ||   101
       Skin              |       |       |     6 |       ||     6
       Gold dragon armou |       |       |       |     4 ||     4
Dodge: Dodged            |    73 |    78 |   165 |   351 ||   667
